[Event "AUT-ch Open 2020"]
[Site "Graz"]
[Date "2020.02.15"]
[Round "2.13"]
[White "Welling, Gerard"]
[Black "Lupolov, Boris"]
[Result "1/2-1/2"]
[ECO "B10"]
[WhiteElo "2286"]
[BlackElo "1973"]
[Annotator "ChessBase"]
[PlyCount "94"]
[EventDate "2020.02.14"]
[EventType "swiss"]
[EventCountry "AUT"]
[SourceTitle "playchess.com"]
[Source "ChessBase"]
[SourceQuality "1"]
[TimeControl "40/5400+30:1800+30"]

1. e4 c6 2. f4 d5 3. e5 c5 4. c3 Nc6 5. Na3 Nh6 6. Nf3 Bg4 7. h3 Bxf3 8. Qxf3 e6 9. Bb5 Nf5 10. g4 Nh4 11. Qf2 Be7 12. O-O h5 13. g5 Nf5 14. Bd3 g6 15. Bxf5 exf5 16. Nc2 Qd7 17. d4 c4 18. b3 b5 19. bxc4 bxc4 20. Ba3 Nd8 21. Bxe7 Kxe7 22. Ne3 Ne6 23. Rab1 Rhb8 24. Qf3 Nc7 25. Qg2 Ke6 26. Qc2 Rb6 27. Rb2 Rab8 28. Rfb1 Nb5 29. Qc1 Qe7 30. a4 Nc7 31. Rxb6+ axb6 32. Kf2 Qd7 33. Qa3 Qe7 34. Qa2 Kd7 35. Rb4 Qe6 36. Qb1 Qc6 37. h4 Na6 38. Rb2 Nc7 39. Kg3 Rb7 40. Nc2 Qxa4 41. Nb4 Qa3 42. Qc2 Ke6 43. Qd2 Qa1 44. Kg2 b5 45. Ra2 Qb1 46. Qe3 Qe4+ 47. Qf3 Ke7 1/2-1/2

[Event "AUT-ch Open 2020"]
[Site "Graz"]
[Date "2020.02.15"]
[Round "2.14"]
[White "Schoppen, Casper"]
[Black "Baum, Jonasz"]
[Result "1-0"]
[ECO "E17"]
[WhiteElo "2489"]
[BlackElo "2489"]
[Annotator "ChessBase"]
[PlyCount "149"]
[EventDate "2020.02.14"]
[EventType "swiss"]
[EventCountry "AUT"]
[SourceTitle "playchess.com"]
[Source "ChessBase"]
[SourceQuality "1"]
[TimeControl "40/5400+30:1800+30"]

1. d4 Nf6 2. c4 e6 3. Nf3 b6 4. g3 Bb7 5. Bg2 Be7 6. O-O O-O 7. Re1 d5 8. cxd5 exd5 9. Nc3 Nbd7 10. b3 Ne4 11. Bb2 Rc8 12. Nd2 Ndf6 13. Qc2 c5 14. Ncxe4 dxe4 15. Nxe4 cxd4 16. Qd3 Nxe4 17. Bxe4 Bxe4 18. Qxe4 Bf6 19. Rad1 Re8 20. Qd3 h6 21. Rd2 Bg5 22. Rdd1 Bf6 23. a4 Qe7 24. Bxd4 Bxd4 25. Qxd4 Rcd8 26. Qa1 Rxd1 27. Qxd1 Qb4 28. e3 Rc8 29. Qb1 g6 30. Rd1 Rc3 31. Rd8+ Kh7 32. Qd1 Qe4 33. Rd7 Qc6 34. Rxf7+ Kg8 35. Qf3 Qxf3 36. Rxf3 Rxb3 37. Rf6 Kg7 38. Rc6 a5 39. h4 Rb4 40. Kg2 g5 41. hxg5 hxg5 42. Kh3 g4+ 43. Kh4 Rxa4 44. Rxb6 Ra2 45. Ra6 Rxf2 46. Rxa5 Re2 47. Ra3 Kf6 48. Kxg4 Re1 49. Kf3 Rf1+ 50. Kg2 Rb1 51. Ra5 Rc1 52. g4 Rb1 53. Rf5+ Kg6 54. Ra5 Kf6 55. Kf3 Rf1+ 56. Ke4 Rg1 57. Rf5+ Kg6 58. Kf4 Rf1+ 59. Ke5 Rg1 60. g5 Rb1 61. e4 Ra1 62. Rf8 Kxg5 63. Rg8+ Kh6 64. Kf6 Kh7 65. Rg2 Rf1+ 66. Ke6 Ra1 67. e5 Rd1 68. Kf6 Rf1+ 69. Ke7 Rd1 70. e6 Rd3 71. Ke8 Rd1 72. e7 Rd3 73. Rg4 Kh6 74. Kf7 Kh5 75. Re4 1-0

[Event "AUT-ch Open 2020"]
[Site "Graz"]
[Date "2020.02.15"]
[Round "2.15"]
[White "Diermair, Andreas"]
[Black "Manush Shah"]
[Result "1-0"]
[ECO "D02"]
[WhiteElo "2483"]
[BlackElo "2322"]
[Annotator "ChessBase"]
[PlyCount "99"]
[EventDate "2020.02.14"]
[EventType "swiss"]
[EventCountry "AUT"]
[SourceTitle "playchess.com"]
[Source "ChessBase"]
[SourceQuality "1"]
[TimeControl "40/5400+30:1800+30"]

1. d4 d5 2. Nf3 Nf6 3. g3 c6 4. Bg2 Bg4 5. c4 e6 6. O-O Nbd7 7. h3 Bh5 8. cxd5 cxd5 9. Nc3 Bd6 10. Qb3 Qb6 11. Qxb6 Nxb6 12. g4 Bg6 13. Nb5 Bb8 14. Ne5 a6 15. Nc3 Nfd7 16. Nxg6 hxg6 17. b3 O-O 18. Ba3 Rc8 19. Rac1 Ba7 20. e4 Nf6 21. Bc5 Nfd7 22. exd5 Nxc5 23. dxc5 Nxd5 24. Nxd5 exd5 25. b4 Rc7 26. Rfd1 Rd8 27. Rxd5 Rxd5 28. Bxd5 g5 29. Be4 Kf8 30. Rd1 Ke7 31. Kf1 b6 32. c6 b5 33. Bf5 Bb6 34. Bd7 Ra7 35. Rd5 f6 36. Bc8 Rc7 37. Bd7 Ra7 38. a3 Ra8 39. Kg2 Bc7 40. Kf3 Bd6 41. Ke4 g6 42. Rd3 Be5 43. Kd5 Rd8 44. Re3 Ra8 45. h4 Kd8 46. Rxe5 fxe5 47. Kd6 Ra7 48. h5 a5 49. hxg6 axb4 50. g7 1-0

[Event "AUT-ch Open 2020"]
[Site "Graz"]
[Date "2020.02.15"]
[Round "2.16"]
[White "Godzwon, Iwo"]
[Black "Yankelevich, Lev"]
[Result "1-0"]
[ECO "B32"]
[WhiteElo "2321"]
[BlackElo "2473"]
[Annotator "ChessBase"]
[PlyCount "121"]
[EventDate "2020.02.14"]
[EventType "swiss"]
[EventCountry "AUT"]
[SourceTitle "playchess.com"]
[Source "ChessBase"]
[SourceQuality "1"]
[TimeControl "40/5400+30:1800+30"]

1. e4 c5 2. Nf3 Nc6 3. d4 cxd4 4. Nxd4 e5 5. Nb5 d6 6. c4 Be6 7. N1c3 a6 8. Na3 Rc8 9. Be3 Nf6 10. Be2 g6 11. f3 Bg7 12. Nc2 Ne7 13. b3 b5 14. Nd5 bxc4 15. bxc4 Nd7 16. Ncb4 a5 17. Nxe7 Qxe7 18. Nd5 Qh4+ 19. Bf2 Qd8 20. Rb1 O-O 21. O-O Nc5 22. Qd2 f5 23. exf5 gxf5 24. Rb5 a4 25. Rd1 Nd7 26. Nb4 Nf6 27. Rb6 Bxc4 28. Nc6 Rxc6 29. Rxc6 Bd5 30. Ra6 Qd7 31. Bh4 Bf7 32. Rxd6 Qa7+ 33. Bf2 Qc7 34. Rd8 h6 35. a3 Kh7 36. Rxf8 Bxf8 37. Rc1 Qe7 38. Bc5 Qxc5+ 39. Rxc5 Bxc5+ 40. Kh1 Bxa3 41. Qc2 Kg7 42. Qxa4 Bc5 43. Qc2 Bd4 44. Qxf5 Bg6 45. Qe6 Bf7 46. Qc6 h5 47. g3 Bd5 48. Qc7+ Kf8 49. Qd6+ Kf7 50. Bc4 Bxc4 51. Qc7+ Kg6 52. Qxc4 Kf5 53. Kg2 Kg6 54. Qe6 Ba1 55. h4 Kg7 56. g4 e4 57. g5 exf3+ 58. Kxf3 Ng4 59. Qe7+ Kg6 60. Qe8+ Kf5 61. Qf7+ {[%emt 0:00:00] Ke4+ Kxe4} 1-0

[Event "AUT-ch Open 2020"]
[Site "Graz"]
[Date "2020.02.15"]
[Round "2.16"]
[White "Kravanja, Georg"]
[Black "Zverev, Lev"]
[Result "1-0"]
[ECO "E06"]
[WhiteElo "2262"]
[BlackElo "1914"]
[Annotator "ChessBase"]
[PlyCount "137"]
[EventDate "2020.02.14"]
[EventType "swiss"]
[EventCountry "AUT"]
[SourceTitle "playchess.com"]
[Source "ChessBase"]
[SourceQuality "1"]
[TimeControl "40/5400+30:1800+30"]

1. Nf3 d5 2. g3 e6 3. Bg2 Nf6 4. O-O Be7 5. d4 O-O 6. c4 c6 7. Qc2 b6 8. Nbd2 Bb7 9. e4 Na6 10. Re1 Rc8 11. e5 Nd7 12. a3 c5 13. dxc5 Naxc5 14. b4 Na6 15. Nd4 Qc7 16. cxd5 Qxc2 17. Nxc2 Rxc2 18. d6 Bxg2 19. dxe7 Re8 20. Kxg2 Rxe7 21. Nf3 Nc7 22. Bg5 Re8 23. Nd4 Rc4 24. Rac1 Rxc1 25. Rxc1 Nd5 26. Nb5 Nxe5 27. Nxa7 h6 28. Be3 Ra8 29. Nb5 Kh7 30. Bd4 Nd7 31. Rc6 e5 32. Rd6 N5f6 33. Be3 Rc8 34. h3 Rc2 35. Kf3 Ra2 36. g4 e4+ 37. Kg3 Ne5 38. Rxb6 Nc4 39. Rb7 Nxe3 40. fxe3 Nd5 41. Rxf7 Nxe3 42. Rf2 Ra1 43. Kf4 Re1 44. Nc3 g5+ 45. Ke5 Nc4+ 46. Kd4 Nxa3 47. Nxe4 Rc1 48. Nf6+ Kg6 49. Nd5 Nb5+ 50. Ke3 Rc4 51. Rf6+ Kg7 52. Rb6 Na3 53. Kd3 Rc1 54. Ne3 h5 55. gxh5 Rh1 56. Ra6 Nb5 57. Ra5 Nd6 58. Rxg5+ Kh7 59. Rd5 Nf7 60. b5 Rxh3 61. b6 Rh4 62. Nc4 Rh1 63. Kc2 Rh2+ 64. Nd2 Rh4 65. Kb3 Rg4 66. Rd7 Rg5 67. Rxf7+ Kg8 68. Rf6 Kg7 69. Rg6+ 1-0

[Event "AUT-ch Open 2020"]
[Site "Graz"]
[Date "2020.02.15"]
[Round "2.17"]
[White "Froewis, Georg"]
[Black "Rieger, Robert"]
[Result "1-0"]
[ECO "A05"]
[WhiteElo "2461"]
[BlackElo "2320"]
[Annotator "ChessBase"]
[PlyCount "79"]
[EventDate "2020.02.14"]
[EventType "swiss"]
[EventCountry "AUT"]
[SourceTitle "playchess.com"]
[Source "ChessBase"]
[SourceQuality "1"]
[TimeControl "40/5400+30:1800+30"]

1. Nf3 Nf6 2. c4 e6 3. b3 b6 4. g3 Bb7 5. Bg2 c5 6. O-O Be7 7. Bb2 O-O 8. Nc3 a6 9. d4 cxd4 10. Qxd4 d6 11. Rfd1 Qc7 12. Rac1 Nbd7 13. Ne1 Rfd8 14. Bxb7 Qxb7 15. Ng2 b5 16. Ne3 Ne5 17. Nb1 b4 18. Nd2 a5 19. Qf4 Ned7 20. Qf3 Qb6 21. Ne4 Nxe4 22. Qxe4 Nc5 23. Qg4 Bf8 24. Bf6 Rd7 25. Bd4 f5 26. Qf3 Re8 27. g4 fxg4 28. Qxg4 Rf7 29. Nf1 Qc6 30. Ng3 a4 31. Bxc5 Qxc5 32. e3 axb3 33. axb3 Ra7 34. Rd3 Ra2 35. Rcd1 Qe5 36. Ne4 Rb2 37. Kg2 Qf5 38. Qxf5 exf5 39. Nxd6 Bxd6 40. Rxd6 1-0

[Event "AUT-ch Open 2020"]
[Site "Graz"]
[Date "2020.02.15"]
[Round "2.17"]
[White "Mayrhuber, Nikola"]
[Black "Schernthaner, David"]
[Result "1/2-1/2"]
[ECO "A48"]
[WhiteElo "2017"]
[BlackElo "2262"]
[Annotator "ChessBase"]
[PlyCount "64"]
[EventDate "2020.02.14"]
[EventType "swiss"]
[EventCountry "AUT"]
[SourceTitle "playchess.com"]
[Source "ChessBase"]
[SourceQuality "1"]
[TimeControl "40/5400+30:1800+30"]

1. d4 Nf6 2. Nf3 g6 3. Bg5 Ne4 4. Bh4 Bg7 5. Nbd2 d5 6. c3 c5 7. Nxe4 dxe4 8. Nd2 cxd4 9. Nxe4 Bf5 10. Nc5 b6 11. e4 dxe3 12. Bb5+ Nd7 13. Nxd7 Bxd7 14. Bxd7+ Qxd7 15. Qxd7+ Kxd7 16. fxe3 Ke6 17. Ke2 Rhd8 18. Rad1 Be5 19. h3 f6 20. e4 Rac8 21. Kf3 b5 22. Bg3 Bxg3 23. Kxg3 Ke5 24. Kf3 h5 25. Rhe1 a6 26. Rd5+ Ke6 27. h4 Rd6 28. Rxd6+ Kxd6 29. Rd1+ Ke6 30. Kf4 Rc6 31. Rd8 Rd6 32. Ra8 Rc6 1/2-1/2

[Event "AUT-ch Open 2020"]
[Site "Graz"]
[Date "2020.02.15"]
[Round "2.18"]
[White "Janzelj, Tim"]
[Black "Li, Henry"]
[Result "1-0"]
[ECO "A05"]
[WhiteElo "2451"]
[BlackElo "2310"]
[Annotator "ChessBase"]
[PlyCount "81"]
[EventDate "2020.02.14"]
[EventType "swiss"]
[EventCountry "AUT"]
[SourceTitle "playchess.com"]
[Source "ChessBase"]
[SourceQuality "1"]
[TimeControl "40/5400+30:1800+30"]

1. Nf3 Nf6 2. c4 g6 3. b4 Bg7 4. Bb2 O-O 5. g3 a5 6. b5 d6 7. Bg2 e5 8. d3 e4 9. dxe4 Nxe4 10. Bxg7 Kxg7 11. Nd4 Re8 12. Nd2 Nxd2 13. Qxd2 Nd7 14. O-O a4 15. Rfd1 Qf6 16. Nc2 Qe5 17. Ne3 Nb6 18. Rac1 Rb8 19. Qb4 Qc5 20. Qc3+ Qe5 21. c5 Qxc3 22. Rxc3 dxc5 23. Rxc5 Be6 24. a3 Red8 25. Rxd8 Rxd8 26. Rxc7 Rc8 27. Rxc8 Bxc8 28. Kf1 Kf6 29. Nd5+ Nxd5 30. Bxd5 b6 31. Ke1 Bd7 32. Bc4 Ke5 33. Kd2 Kd4 34. Bxf7 Bxb5 35. e3+ Ke4 36. f4 Bc6 37. Bg8 h6 38. Bf7 g5 39. Bg6+ Kf3 40. f5 Be4 41. Bh5+ 1-0

[Event "AUT-ch Open 2020"]
[Site "Graz"]
[Date "2020.02.15"]
[Round "2.18"]
[White "Tisaj, Domen"]
[Black "Adamczyk, Zuzanna"]
[Result "1-0"]
[ECO "D12"]
[WhiteElo "2245"]
[BlackElo "1959"]
[Annotator "ChessBase"]
[PlyCount "83"]
[EventDate "2020.02.14"]
[EventType "swiss"]
[EventCountry "AUT"]
[SourceTitle "playchess.com"]
[Source "ChessBase"]
[SourceQuality "1"]
[TimeControl "40/5400+30:1800+30"]

1. Nf3 Nf6 2. d4 d5 3. e3 Bf5 4. Be2 e6 5. O-O Be7 6. c4 c6 7. Nc3 Nbd7 8. b3 Ne4 9. Bb2 O-O 10. Bd3 Bg6 11. Qc2 f5 12. Ne2 Bf7 13. Rac1 Bd6 14. Ne5 Nxe5 15. dxe5 Be7 16. Nd4 Rc8 17. Qe2 Qe8 18. cxd5 cxd5 19. Bb5 Qd8 20. Rxc8 Qxc8 21. Rc1 Qd8 22. Qc2 a6 23. Be2 Qa5 24. a3 h6 25. b4 Qb6 26. Nb3 Be8 27. Na5 Qa7 28. Bd4 Qa8 29. f3 Ng5 30. Qc7 Rf7 31. Qc8 Qxc8 32. Rxc8 Kf8 33. f4 Ne4 34. Bh5 b5 35. Bxf7 Kxf7 36. Rc7 Kf8 37. Nc6 Bxc6 38. Rxc6 Nd2 39. Rxe6 Nb3 40. Rxa6 Nxd4 41. exd4 Bd8 42. Rd6 1-0

[Event "AUT-ch Open 2020"]
[Site "Graz"]
[Date "2020.02.15"]
[Round "2.19"]
[White "Molnar, Bela"]
[Black "Horvath, Dominik"]
[Result "1/2-1/2"]
[ECO "B30"]
[WhiteElo "2312"]
[BlackElo "2450"]
[Annotator "ChessBase"]
[PlyCount "58"]
[EventDate "2020.02.14"]
[EventType "swiss"]
[EventCountry "AUT"]
[SourceTitle "playchess.com"]
[Source "ChessBase"]
[SourceQuality "1"]
[TimeControl "40/5400+30:1800+30"]

1. e4 c5 2. Nf3 Nc6 3. Nc3 e6 4. g3 d5 5. d3 Nf6 6. Bg5 Be7 7. Bg2 h6 8. Bd2 d4 9. Ne2 e5 10. O-O g5 11. Ne1 g4 12. c3 Be6 13. a3 b5 14. cxd4 cxd4 15. b4 Nd7 16. f4 f6 17. Nc1 a5 18. bxa5 Nxa5 19. Nc2 Nc6 20. f5 Bf7 21. Qxg4 h5 22. Qh4 Nc5 23. Rb1 Rb8 24. Bf3 Kd7 25. Bd1 Na4 26. Ne2 Nc5 27. Nc1 Na4 28. Ne2 Nc5 29. Nc1 Na4 1/2-1/2

[Event "AUT-ch Open 2020"]
[Site "Graz"]
[Date "2020.02.15"]
[Round "2.19"]
[White "Moscicka, Pola"]
[Black "Lodici, Lorenzo"]
[Result "0-1"]
[ECO "D30"]
[WhiteElo "1948"]
[BlackElo "2492"]
[Annotator "ChessBase"]
[PlyCount "94"]
[EventDate "2020.02.14"]
[EventType "swiss"]
[EventCountry "AUT"]
[SourceTitle "playchess.com"]
[Source "ChessBase"]
[SourceQuality "1"]
[TimeControl "40/5400+30:1800+30"]

1. d4 Nf6 2. c4 e6 3. g3 d5 4. Nf3 Bb4+ 5. Bd2 Bd6 6. Bg2 O-O 7. Qc2 c6 8. O-O Nbd7 9. b3 Ne4 10. Nc3 Nxd2 11. Qxd2 b6 12. a3 Ba6 13. Qa2 Rc8 14. e4 dxc4 15. bxc4 e5 16. Rfd1 Qe7 17. Bh3 exd4 18. Nxd4 g6 19. Rac1 Rfd8 20. f4 Bc5 21. Kh1 Rc7 22. Ndb5 cxb5 23. Nd5 Qd6 24. e5 Nxe5 25. fxe5 Qxe5 26. Nxc7 Qxc7 27. cxb5 Bxb5 28. Bg2 Re8 29. Re1 Rf8 30. a4 Bd7 31. Bd5 Bf5 32. Qc4 Kg7 33. Rf1 f6 34. g4 Bc8 35. g5 Bf5 36. Rce1 fxg5 37. Qc3+ Kh6 38. h4 Qd8 39. Qc4 gxh4 40. Re5 Qg5 41. Bg2 Qg3 42. Qc1+ Qg5 43. Rf4 Bf2 44. Qa3 Qxf4 45. Qxf8+ Kh5 46. Re7 Qc1+ 47. Kh2 Bg3# 0-1

[Event "AUT-ch Open 2020"]
[Site "Graz"]
[Date "2020.02.15"]
[Round "2.20"]
[White "Kilgus, Georg"]
[Black "Danner, Georg"]
[Result "1-0"]
[ECO "A43"]
[WhiteElo "2450"]
[BlackElo "2295"]
[Annotator "ChessBase"]
[PlyCount "83"]
[EventDate "2020.02.14"]
[EventType "swiss"]
[EventCountry "AUT"]
[SourceTitle "playchess.com"]
[Source "ChessBase"]
[SourceQuality "1"]
[TimeControl "40/5400+30:1800+30"]

1. d4 c5 2. d5 g6 3. e4 Bg7 4. c4 d6 5. Nc3 Nf6 6. Bd3 O-O 7. Nge2 e6 8. O-O exd5 9. cxd5 Na6 10. Ng3 Nc7 11. Bf4 a6 12. a4 Rb8 13. Qd2 b5 14. axb5 axb5 15. b4 c4 16. Bc2 Ng4 17. h3 Ne5 18. Bg5 Qe8 19. Bh6 f6 20. Bxg7 Kxg7 21. f4 Nf7 22. Nce2 Bd7 23. Ra7 Qc8 24. Rfa1 Ra8 25. Rxa8 Nxa8 26. Qd4 Nc7 27. Qb6 Na8 28. Qa7 Re8 29. Nd4 Kf8 30. Nge2 Nc7 31. Qb6 Na8 32. Qa7 Nc7 33. Nc3 Bxh3 34. f5 gxf5 35. exf5 Bg4 36. Ne6+ Nxe6 37. dxe6 Ng5 38. Qd4 Qd8 39. Qxg4 Qb6+ 40. Kf1 Qe3 41. Nxb5 Qd2 42. Qd4 1-0

[Event "AUT-ch Open 2020"]
[Site "Graz"]
[Date "2020.02.15"]
[Round "2.20"]
[White "Valeanu, Eduard-Andrei"]
[Black "Skuhala, Barbara"]
[Result "1-0"]
[ECO "B50"]
[WhiteElo "2427"]
[BlackElo "2109"]
[Annotator "ChessBase"]
[PlyCount "59"]
[EventDate "2020.02.14"]
[EventType "swiss"]
[EventCountry "AUT"]
[SourceTitle "playchess.com"]
[Source "ChessBase"]
[SourceQuality "1"]
[TimeControl "40/5400+30:1800+30"]

1. e4 c5 2. Nf3 d6 3. Bc4 e6 4. O-O Nf6 5. Re1 Be7 6. c3 O-O 7. Bb3 d5 8. e5 Ne8 9. d4 cxd4 10. cxd4 Nc6 11. Nc3 a6 12. Bc2 g6 13. Bh6 Ng7 14. Rc1 Bd7 15. Qd2 f6 16. exf6 Bxf6 17. Na4 b6 18. h4 Re8 19. Bg5 Bxg5 20. Nxg5 Rb8 21. Nf3 Qf6 22. Nc3 Nf5 23. Bxf5 gxf5 24. Qf4 Rb7 25. Re3 Kh8 26. Ne2 Qg7 27. Qd6 Na5 28. Ne5 Bb5 29. Nf4 Qe7 30. Nfg6+ 1-0

[Event "AUT-ch Open 2020"]
[Site "Graz"]
[Date "2020.02.15"]
[Round "2.21"]
[White "Gajek, Radoslaw"]
[Black "Ozturk, Kubra"]
[Result "1-0"]
[ECO "A06"]
[WhiteElo "2438"]
[BlackElo "2286"]
[Annotator "ChessBase"]
[PlyCount "91"]
[EventDate "2020.02.14"]
[EventType "swiss"]
[EventCountry "AUT"]
[SourceTitle "playchess.com"]
[Source "ChessBase"]
[SourceQuality "1"]
[TimeControl "40/5400+30:1800+30"]

1. Nf3 d5 2. e3 Nf6 3. c4 e6 4. Nc3 Be7 5. g4 O-O 6. g5 Nh5 7. Ne5 g6 8. Be2 Bd6 9. d4 Ng7 10. cxd5 Bxe5 11. dxe5 Qxg5 12. Qd4 Nd7 13. b3 exd5 14. Ba3 c5 15. Qxd5 Re8 16. Ne4 Qxe5 17. Qxe5 Rxe5 18. Nd6 Nb6 19. Bb2 Rd5 20. Ne4 Ne8 21. Rc1 c4 22. bxc4 Ra5 23. c5 Rxa2 24. Bd4 Na4 25. Bc4 Ra3 26. Ng5 Kf8 27. Nxf7 Ke7 28. Ne5 Be6 29. O-O Rc8 30. c6 b6 31. Ra1 Rxa1 32. Rxa1 Nc5 33. Rxa7+ Rc7 34. Ra8 Bxc4 35. Nxc4 Rxc6 36. Nxb6 Ne6 37. Nd5+ Kd6 38. Nb4 Rc1+ 39. Kg2 N8c7 40. Rb8 Rb1 41. Rb6+ Kd7 42. Be5 Rd1 43. Bg3 Rd2 44. h4 Rd1 45. h5 Rc1 46. Nd3 1-0

[Event "AUT-ch Open 2020"]
[Site "Graz"]
[Date "2020.02.15"]
[Round "2.22"]
[White "Ongut, Tamas Gunes"]
[Black "David, Alexandru-Vasile"]
[Result "0-1"]
[ECO "A46"]
[WhiteElo "2302"]
[BlackElo "2436"]
[Annotator "ChessBase"]
[PlyCount "66"]
[EventDate "2020.02.14"]
[EventType "swiss"]
[EventCountry "AUT"]
[SourceTitle "playchess.com"]
[Source "ChessBase"]
[SourceQuality "1"]
[TimeControl "40/5400+30:1800+30"]

1. d4 Nf6 2. Nf3 e6 3. g3 b5 4. Bg2 Bb7 5. O-O Be7 6. Bg5 O-O 7. Nbd2 a6 8. c4 d6 9. Qc2 h6 10. Bxf6 Bxf6 11. Rad1 g6 12. Ne1 Bxg2 13. Nxg2 c6 14. Nf3 Nd7 15. e4 Qe7 16. Ne3 Bg7 17. Rfe1 Rac8 18. b3 b4 19. Qd3 a5 20. Kg2 c5 21. d5 e5 22. Nh4 Nf6 23. Qe2 Qd7 24. Qf3 a4 25. h3 h5 26. g4 Qd8 27. Rh1 Nxe4 28. Qxe4 Qxh4 29. Kf3 axb3 30. axb3 Ra8 31. gxh5 Qxe4+ 32. Kxe4 f5+ 33. Kf3 e4+ 0-1

[Event "AUT-ch Open 2020"]
[Site "Graz"]
[Date "2020.02.15"]
[Round "2.22"]
[White "Peycheva, Gergana"]
[Black "Higatsberger, Michael"]
[Result "1-0"]
[ECO "D42"]
[WhiteElo "2286"]
[BlackElo "2096"]
[Annotator "ChessBase"]
[PlyCount "45"]
[EventDate "2020.02.14"]
[EventType "swiss"]
[EventCountry "AUT"]
[SourceTitle "playchess.com"]
[Source "ChessBase"]
[SourceQuality "1"]
[TimeControl "40/5400+30:1800+30"]

1. d4 d5 2. c4 c5 3. cxd5 Qxd5 4. e3 cxd4 5. Nc3 Qd8 6. exd4 Nf6 7. Nf3 e6 8. Bd3 Be7 9. O-O O-O 10. Re1 Nc6 11. a3 Re8 12. Bc2 g6 13. Qd3 b6 14. Bh6 Nd5 15. Rad1 Nxc3 16. Qxc3 Bd7 17. d5 Bf6 18. Qd2 exd5 19. Qxd5 Rxe1+ 20. Rxe1 Ne7 21. Qd6 Nf5 22. Bxf5 Bxf5 23. Re8+ 1-0

[Event "AUT-ch Open 2020"]
[Site "Graz"]
[Date "2020.02.15"]
[Round "2.23"]
[White "Maxion, Dirk"]
[Black "Neuschmied, Siegfried"]
[Result "0-1"]
[ECO "B08"]
[WhiteElo "2098"]
[BlackElo "2268"]
[Annotator "ChessBase"]
[PlyCount "106"]
[EventDate "2020.02.14"]
[EventType "swiss"]
[EventCountry "AUT"]
[SourceTitle "playchess.com"]
[Source "ChessBase"]
[SourceQuality "1"]
[TimeControl "40/5400+30:1800+30"]

1. e4 g6 2. d4 Bg7 3. Nf3 d6 4. Nc3 Nf6 5. Be2 O-O 6. O-O c6 7. Re1 Qc7 8. Bf4 Nh5 9. Bg5 h6 10. Be3 Nd7 11. Qd2 Kh7 12. Rad1 Nhf6 13. h3 b5 14. e5 b4 15. Nb5 cxb5 16. exf6 Nxf6 17. Bxb5 Bb7 18. Qe2 a5 19. Bc1 e6 20. Bd3 Qc6 21. Qe3 Ba6 22. Qf4 Bxd3 23. cxd3 Qd5 24. a3 bxa3 25. bxa3 g5 26. Qe3 Kg8 27. h4 gxh4 28. Nxh4 Rfc8 29. Nf3 Rc2 30. Qf4 Rac8 31. Be3 R2c3 32. Qh4 Qh5 33. Qg3 R3c6 34. Rb1 Qg4 35. Qh2 Qg6 36. Bf4 Bf8 37. Rb5 Ra6 38. Reb1 Nd5 39. Bd2 a4 40. Rb7 Nc3 41. Re1 Ra5 42. Qh3 Bg7 43. g3 Rh5 44. Qf1 Qg4 45. Qg2 Rf5 46. Nh4 Rd5 47. Nf3 Qf5 48. Re3 Nb5 49. Re4 Nxd4 50. Nxd4 Rxd4 51. Bxh6 Qd5 52. Bxg7 Rc1+ 53. Kh2 Qh5+ 0-1

[Event "AUT-ch Open 2020"]
[Site "Graz"]
[Date "2020.02.15"]
[Round "2.24"]
[White "Milikow, Yoav"]
[Black "Poetz, Florian"]
[Result "0-1"]
[ECO "E39"]
[WhiteElo "2296"]
[BlackElo "2425"]
[Annotator "ChessBase"]
[PlyCount "139"]
[EventDate "2020.02.14"]
[EventType "swiss"]
[EventCountry "AUT"]
[SourceTitle "playchess.com"]
[Source "ChessBase"]
[SourceQuality "1"]
[TimeControl "40/5400+30:1800+30"]

1. d4 Nf6 2. c4 e6 3. Nc3 Bb4 4. Qc2 c5 5. dxc5 O-O 6. Nf3 Qc7 7. g4 Nxg4 8. Rg1 f5 9. Bd2 Bxc5 10. e3 Nxh2 11. Be2 Nxf3+ 12. Bxf3 Nc6 13. Nb5 Qb8 14. Bc3 Ne5 15. O-O-O Rf7 16. Bh5 g6 17. f4 Bxe3+ 18. Kb1 Bxf4 19. Qf2 Bh6 20. Nd6 Bg7 21. Qh4 Qc7 22. Bxe5 Bxe5 23. Bxg6 Rg7 24. Ne8 Qb6 25. Nf6+ Kh8 26. Rg2 Qd8 27. Rh1 Qxf6 28. Qh5 Kg8 29. Bxh7+ Kf8 30. Bg6 Ke7 31. c5 b6 32. Qf3 Rb8 33. c6 dxc6 34. Qa3+ c5 35. Qxa7+ Bb7 36. Rh8 Rxh8 37. Qxb7+ Kd8 38. Rd2+ Bd4 39. Qb8+ Kd7 40. Qb7+ Kd8 41. Qb8+ Kd7 42. Qb7+ Kd6 43. Qxb6+ Ke5 44. Re2+ Kf4 45. Qd6+ Kf3 46. Rxe6 Rxg6 47. Qd5+ Kf2 48. Rxf6 Rxf6 49. b4 f4 50. bxc5 Be3 51. Qb7 Rhh6 52. Qe4 Rc6 53. Qc2+ Kg3 54. Qc3 Rh1+ 55. Kb2 Rxc5 56. Qg7+ Kf2 57. a4 f3 58. Ka3 Rhh5 59. Kb3 Rhg5 60. Qh6 Kg2 61. Qe6 Rce5 62. Qc6 Kg3 63. Qa6 f2 64. Qf1 Ba7 65. Qa6 Bc5 66. a5 Re1 67. Qf6 Be3 68. Qd6+ Bf4 69. Qd3+ Re3 70. Qxe3+ 0-1

[Event "AUT-ch Open 2020"]
[Site "Graz"]
[Date "2020.02.15"]
[Round "2.25"]
[White "Handler, Lukas"]
[Black "Papakonstantinou, Dimitrios"]
[Result "1-0"]
[ECO "E73"]
[WhiteElo "2422"]
[BlackElo "2275"]
[Annotator "ChessBase"]
[PlyCount "66"]
[EventDate "2020.02.14"]
[EventType "swiss"]
[EventCountry "AUT"]
[SourceTitle "playchess.com"]
[Source "ChessBase"]
[SourceQuality "1"]
[TimeControl "40/5400+30:1800+30"]

1. d4 Nf6 2. c4 d6 3. Nc3 g6 4. e4 Bg7 5. Be2 O-O 6. Be3 Nc6 7. d5 Ne5 8. f4 Neg4 9. Bd2 Nh6 10. h3 e6 11. g4 exd5 12. cxd5 Re8 13. Qc2 c6 14. O-O-O b5 15. dxc6 b4 16. e5 dxe5 17. Nb5 Qa5 18. a3 Nd5 19. Bc4 exf4 20. Qb3 Be6 21. Nd6 Qc5 22. Nxe8 Rxe8 23. Kb1 bxa3 24. Nf3 axb2 25. Rhe1 Rc8 26. Ne5 a5 27. Qb5 Qxb5 28. Bxb5 Rb8 29. Bc4 a4 30. Bxd5 Bxd5 31. c7 Ra8 32. Bxf4 a3 33. Rxd5 a2+ 1-0

[Event "AUT-ch Open 2020"]
[Site "Graz"]
[Date "2020.02.15"]
[Round "2.26"]
[White "Dimitrov, Vladimir"]
[Black "Socko, Monika"]
[Result "1-0"]
[ECO "E48"]
[WhiteElo "2285"]
[BlackElo "2419"]
[Annotator "ChessBase"]
[PlyCount "85"]
[EventDate "2020.02.14"]
[EventType "swiss"]
[EventCountry "AUT"]
[SourceTitle "playchess.com"]
[Source "ChessBase"]
[SourceQuality "1"]
[TimeControl "40/5400+30:1800+30"]

1. d4 Nf6 2. c4 e6 3. Nc3 Bb4 4. e3 O-O 5. Bd3 d5 6. cxd5 exd5 7. Nge2 Re8 8. Bd2 Bd6 9. Rc1 a6 10. O-O Nbd7 11. Nf4 c6 12. Qc2 Nf8 13. f3 Bd7 14. Kh1 Qb8 15. g3 Qa7 16. Na4 b6 17. b4 Rac8 18. Qb3 Ne6 19. Nxe6 Bxe6 20. Rc2 g6 21. Bc1 Nd7 22. Qb1 b5 23. Nc5 Nb6 24. e4 Bh3 25. Rg1 dxe4 26. Nxe4 Be7 27. g4 Nd5 28. Nf2 Qxd4 29. Be4 Nxb4 30. Rd2 Qc3 31. Nxh3 Bc5 32. Nf2 Rcd8 33. Rgd1 Rxd2 34. Bxd2 Qc4 35. Nd3 Nxd3 36. Qxd3 Qxa2 37. Bxc6 Rc8 38. Bd5 Qa4 39. Bb3 Qd4 40. Qxd4 Bxd4 41. Bh6 Rd8 42. Bg5 Rd6 43. Be7 1-0

[Event "AUT-ch Open 2020"]
[Site "Graz"]
[Date "2020.02.15"]
[Round "2.27"]
[White "Nomin-Erdene, Davaademberel"]
[Black "Giannoulakis, Lampros"]
[Result "1-0"]
[ECO "C47"]
[WhiteElo "2417"]
[BlackElo "2266"]
[Annotator "ChessBase"]
[PlyCount "73"]
[EventDate "2020.02.14"]
[EventType "swiss"]
[EventCountry "AUT"]
[SourceTitle "playchess.com"]
[Source "ChessBase"]
[SourceQuality "1"]
[TimeControl "40/5400+30:1800+30"]

1. e4 e5 2. Nf3 Nc6 3. Nc3 Nf6 4. d4 exd4 5. Nxd4 Bb4 6. Nxc6 bxc6 7. Bd3 O-O 8. O-O d5 9. exd5 cxd5 10. h3 c6 11. Qf3 Re8 12. Ne2 Rb8 13. Nd4 Bd7 14. Bf4 Rb7 15. c4 Bf8 16. b3 Qb6 17. Nf5 dxc4 18. bxc4 Bxf5 19. Bxf5 Qa6 20. Bg5 Nd7 21. Rfe1 Ne5 22. Qg3 Qa5 23. Re3 g6 24. Bc2 Rb2 25. Bb3 Bc5 26. Rae1 Qxe1+ 27. Rxe1 Bxf2+ 28. Qxf2 Rxf2 29. c5 Rf5 30. Bd2 Rd8 31. Ba5 Nd3 32. Re3 Rd7 33. Bc3 Kf8 34. Kh2 Nf4 35. Ba4 Nd5 36. Bxc6 Rc7 37. Re8# 1-0